 Dungeon Crawl Stone Soup version 0.25-a0-1133-g93ebf739aa (webtiles) character file.

Game seed: 8778401791177044171, levelgen mode: deterministic

3 vurker the Charlatan (level 1, 0/15 HPs)
             Began as a Human Artificer on May 20, 2020.
             Slain by a bat (1 damage)
             ... on level 1 of the Dungeon.
             The game lasted 00:00:24 (236 turns).

vurker the Charlatan (Human Artificer)               Turns: 236, Time: 00:00:25

Health: 0/15       AC:  3    Str: 12    XL:     1   Next: 55%
Magic:  3/3        EV: 12    Int: 11    God:
Gold:   17         SH:  0    Dex: 13    Spells: 0/0 levels left

rFire    . . .     SeeInvis .   a - +0 short sword
rCold    . . .     Gourm    .   (no shield)
rNeg     . . .     Faith    .   b - +0 leather armour
rPois    .         Spirit   .   (no helmet)
rElec    .         Reflect  .   (no cloak)
rCorr    .         Harm     .   (no gloves)
MR       .....                  (no boots)
Stlth    +.........             (no amulet)
HPRegen  0.05/turn              (no ring)
MPRegen  0.08/turn              (no ring)

@: no status effects
A: no striking features
a: no special abilities


You were on level 1 of the Dungeon.
You were not hungry.

You visited 1 branch of the dungeon, and saw 1 of its levels.

You collected 17 gold pieces.

Inventory:

Hand Weapons
 a - a +0 short sword (weapon)
Armour
 b - a +0 leather armour (worn)
Wands
 d - a wand of enslavement (15)
 f - a wand of random effects (15)
 t - a wand of flame (15)
Scrolls
 g - a scroll of immolation {unknown}
 i - a scroll of fog {unknown}
Potions
 c - a potion of lignification {unknown}
Comestibles
 e - a ration
 h - a chunk of flesh


   Skills:
 + Level 1.1 Fighting
 - Level 1.0 Short Blades
 + Level 0.2 Armour
 * Level 2.1 Dodging
 - Level 1.0 Stealth
 + Level 3.0 Evocations


You couldn't memorise any spells.
You didn't know any spells.
Your spell library was empty.

Dungeon Overview and Level Annotations

Branches:
Dungeon (1/15)

Altars:


Message History

A kobold is nearby!
A kobold is nearby!
The kobold shouts!
You closely miss the kobold. The kobold hits you but does no damage.
You barely miss the kobold. The kobold hits you but does no damage.
You hit the kobold.
You kill the kobold!
No target in view!
Found 7 gold pieces.
You now have 17 gold pieces (gained 7).
No target in view!
A hobgoblin comes into view. It is wielding a +0 club.
The hobgoblin shouts!
You hear a shout!
A hobgoblin is nearby!
A hobgoblin comes into view. It is wielding a +0 club.
The hobgoblin shouts!
The hobgoblin hits you but does no damage.
You completely miss the hobgoblin. The hobgoblin hits you with a +0 club.
You closely miss the hobgoblin. The hobgoblin hits you with a +0 club.
The hobgoblin closely misses you.
You hit the hobgoblin. The hobgoblin closely misses you.
A bat comes into view.
The hobgoblin hits you with a +0 club.
You hit the hobgoblin but do no damage. The hobgoblin completely misses you.
The hobgoblin hits you with a +0 club.
* * * LOW HITPOINT WARNING * * *
The bat hits you but does no damage. The bat hits you.
* * * LOW HITPOINT WARNING * * *
The bat hits you but does no damage. The bat barely misses you.
The bat hits you but does no damage. x2
Why would you want to do that? Why would you want to do that?
Unknown command.
The bat hits you but does no damage. Why would you want to do that?
There are monsters nearby!
The bat closely misses you. The bat hits you but does no damage.
The bat closely misses you.
You hit the bat. The bat closely misses you.
The hobgoblin hits you with a +0 club.
* * * LOW HITPOINT WARNING * * *
The bat hits you but does no damage. The bat barely misses you.
The bat closely misses you. The bat closely misses you.
The bat hits you but does no damage. The bat barely misses you.
The bat hits you.
You die...

###.##.## #........
#.#...####.........
#........+.........
#.#...####.........
###.##.######........
#.......#..........#.
####.................##.
#....÷.............+# #.
#.##...@....(.. #.
#.#...b........ #.
#.....g.§§..... ....
#......g.§≈§≈≈§ .....
#.......§§####≈ .....
##......§## .......
#......≈# #§§....##
##.....≈# #§§§....#
#......≈## ##§.§.....


You could see 2 hobgoblins and a bat.

Vanquished Creatures
  A bat (D:1)
  A hobgoblin (D:1)
  A kobold (D:1)
3 creatures vanquished.

Notes
Turn   | Place    | Note
-------+----------+-------------------------------------------
     0 | D:1      | vurker the Human Artificer began the quest for the Orb.
     0 | D:1      | Reached XP level 1. HP: 15/15 MP: 3/3
   236 | D:1      | Slain by a bat

Illustrated notes

Levels and vault maps discovered:
D:1:      eino_arrival_water_cross, layout_loops_corners,
          kennysheep_decorative_pillar, minmay_strange_pillars

Action                   || total
-------------------------++-------
Melee: Short sword       ||    11
Armor: Leather armour    ||    10
Dodge: Dodged            ||    12

Table legend:
 A = Non-vault XP
 B = Vault XP
 C = Vault XP percentage of total XP
 D = Non-vault monster count
 E = Vault monster count
 F = Vault count percentage of total count
                 A         B        C        D         E       F
            +---------+---------+-------+---------+---------+-------
      Total |       5 |       0 |   0.0 |       3 |       0 |   0.0
            +---------+---------+-------+---------+---------+-------
        D:1 |       5 |       0 |   0.0 |       3 |       0 |   0.0
            +---------+---------+-------+---------+---------+-------
